 Dungeon Crawl Stone Soup version 0.28.0-43-g3370ac3207 (webtiles) character file.

Game seed: 10074418429433375289

14 tizbic2 the Twirler (level 2, -7/17 HPs)
             Began as a Tengu Gladiator on Mar 7, 2022.
             Mangled by a gnoll
             ... wielding a +0 flail
              (10 damage)
             ... on level 2 of the Dungeon.
             The game lasted 00:03:23 (792 turns).

tizbic2 the Twirler (Tengu Gladiator)                Turns: 792, Time: 00:03:24

Health: -7/17      AC:  3    Str: 14    XL:     2   Next: 45%
Magic:  3/3        EV: 12    Int:  8    God:
Gold:   10         SH:  0    Dex: 15    Spells: 1/1 levels left

rFire   . . .      SeeInvis .   h - +0 whip
rCold   . . .      Faith    .   (no shield)
rNeg    . . .      Spirit   .   b - +0 leather armour
rPois   .          Reflect  .   c - +0 hat
rElec   .          Harm     .   (no cloak)
rCorr   .          Rampage  .   (no gloves)
Will    .....                   (boots unavailable)
Stlth   +.........              (no amulet)
HPRegen 0.05/turn               (no ring)
MPRegen 0.08/turn               (no ring)

@: no status effects
A: beak, talons 3
a: no special abilities


You were on level 2 of the Dungeon.
You visited 1 branch of the dungeon, and saw 2 of its levels.

You collected 10 gold pieces.

Inventory:

Hand Weapons
 a - a +0 quarterstaff
 h - a +0 whip (weapon)
Missiles
 d - 3 throwing nets
 e - 17 stones (quivered)
 f - 7 boomerangs
 j - 20 arrows
Armour
 b - a +0 leather armour (worn)
 c - a +0 hat (worn)
Scrolls
 g - a scroll of magic mapping {unknown}
 i - 2 scrolls of teleportation {unknown}


   Skills:
 + Level 2.1 Fighting
 + Level 3.5 Staves
 + Level 2.1 Throwing
 + Level 3.4 Dodging
 * Level 1.1 Unarmed Combat


You had one spell level left.
You didn't know any spells.
Your spell library was empty.

Dungeon Overview and Level Annotations

Branches:
Dungeon (2/15)

Altars:

Shops:
D:1 ?


Innate Abilities, Weirdness & Mutations

You have a beak for a mouth.
You have claws for feet.


Message History

The quokka closely misses you.
You hit the quokka. Your kick misses the quokka.
The quokka is severely wounded.
The quokka bites you but does no damage.
You hit the quokka.
You kill the quokka!
There is an open door here.
e - 17 stones (gained 1)
You see here a +0 club.
There is an open door here.
There is an open door here.
There is an open door here.
Done exploring.
Done exploring.
There is a stone staircase leading down here.
You climb downwards.
Found a stone staircase leading down.
There is a stone staircase leading up here.
Found a viscous dark potion.
Found a short sword. 2 gnolls come into view.
You barely miss the gnoll. You claw the gnoll! Your peck misses the gnoll.
The gnoll is heavily wounded.
Throw: 8 boomerangs
Press: ? - help, Shift-Dir - straight line, f - gnoll
Aim: a gnoll, wielding a +0 whip (64% to hit)
You throw a boomerang. The boomerang hits the gnoll.
The gnoll is severely wounded.
The gnoll hits you with a +0 flail. The gnoll hits you with a +0 flail!
* * * LOW HITPOINT WARNING * * *
The gnoll throws a throwing net.
The throwing net hits you.
You become entangled in the net!
You see here a throwing net.
You struggle against the net.
You struggle against the net.
The gnoll hits you with a +0 flail.
* * * LOW HITPOINT WARNING * * *
You rip the net and break free!
The gnoll closely misses you. The gnoll hits you with a +0 flail!
Ouch! That really hurt!
You die...

.. #.....#
#.....# #.#...#
#### #.#...#
... #.#...#
#.##!#...#
#....#...######
##gg@..<>......
#.############
)... #.#...
#.#...# # #...#
#####


You could see 2 gnolls.

Vanquished Creatures
  2 ball pythons (D:1)
  A bat (D:1)
  An endoplasm (D:1)
  A giant cockroach (D:1)
  A hobgoblin (D:1)
  A kobold (D:1)
  2 quokkas (D:1)
  4 rats (D:1)
13 creatures vanquished.

Notes
Turn   | Place    | Note
-------+----------+-------------------------------------------
     0 | D:1      | tizbic2 the Tengu Gladiator began the quest for the Orb.
     0 | D:1      | Reached XP level 1. HP: 12/12 MP: 2/2
   136 | D:1      | Reached XP level 2. HP: 17/17 MP: 3/3
   152 | D:1      | Found a faded altar of an unknown god.
   376 | D:1      | Reached skill level 1 in Unarmed Combat
   431 | D:1      | Found Archoimuo's Magic Scroll Boutique.
   792 | D:2      | Mangled by a gnoll

Illustrated notes

Levels and vault maps discovered:
D:1:      psy_arrival_dodecagon, layout_basic, serial_shops, nicolae_shop_trees,
          chequers_ecumenical_altar_simple_redux
D:2:      layout_basic, uniq_terence

Skill      XL: |  1  2 |
---------------+-------+-----
Unarmed Combat | 1 |  1.1
Fighting       | |  2.1
Staves         | |  3.5
Throwing       | |  2.1
Dodging        | |  3.4

Action                   || total
-------------------------++-------
Melee: Quarterstaff      ||     9
       Kick              ||     8
       Whip              ||    13
       Peck              ||     1
Throw: Stone             ||    15
       Boomerang         ||     1
 Stab: Sleeping          ||     1
Armor: Leather armour    ||     6
Dodge: Dodged            ||    23
